 Dungeon Crawl Stone Soup version 0.27.0-1-g7a089689b8 (webtiles) character file.

Game seed: 15998118698621522999

62 Descartes the Sneak (level 3, 0/16 HPs)
             Began as a Felid Wanderer on Aug 1, 2021.
             Succumbed to an adder's poison
             ... on level 2 of the Dungeon.
             The game lasted 00:02:31 (3039 turns).

Descartes the Sneak (Felid Wanderer)                Turns: 3039, Time: 00:02:31

Health: 0/16       AC:  1    Str:  9    XL:     3   Next: 85%
Magic:  8/8        EV: 17    Int: 13    God:
Gold:   21         SH:  0    Dex: 15    Spells: 8/8 levels left
                                        Lives:  0   Deaths: 0

rFire    . . .     SeeInvis +     - Unarmed
rCold    . . .     Faith    .   (shield unavailable)
rNeg     . . .     Spirit   .   (armour unavailable)
rPois    .         Reflect  .   (helmet unavailable)
rElec    .         Harm     .   (cloak unavailable)
rCorr    .         Rampage  .   (gloves unavailable)
Will     .....                  (boots unavailable)
Stlth    +++.......             (no amulet)
HPRegen  0.05/turn              (no ring)
MPRegen  0.11/turn              (no ring)

@: lethally poisoned (0 -> -7), quick
A: very small, claws 1, fangs 3, see invisible, speed 1, shaggy fur 1, stealthy
paws, no weapons or thrown items, no armour, multi-lived
a: no special abilities


You were on level 2 of the Dungeon.
You visited 1 branch of the dungeon, and saw 2 of its levels.

You collected 21 gold pieces.

Inventory:

Scrolls
 b - a scroll of fear
 d - a scroll of identify
 e - 2 scrolls of fog {unknown}
 h - a scroll of noise {unknown}
Potions
 a - a potion of haste
 c - a potion of curing
 f - a potion of flight
 g - a potion of berserk rage


   Skills:
 - Level 2.0 Fighting
 + Level 2.5 Dodging
 + Level 4.0 Stealth
 + Level 2.3 Unarmed Combat
 - Level 3.0 Spellcasting
 - Level 3.0 Hexes


You had 8 spell levels left.
You didn't know any spells.
Your spell library was empty.

Dungeon Overview and Level Annotations

Branches:
Dungeon (2/15)

Altars:


Innate Abilities, Weirdness & Mutations

You have sharp claws.
You have razor-sharp teeth.
You have supernaturally acute eyesight. (SInv)
You cover ground quickly. (Speed+)
You are covered in fur. (AC +1)
Your paws help you pounce on unaware monsters.
You are incapable of wielding weapons or throwing items.
You cannot wear armour.
You gain extra lives every three experience levels.


Message History

You kill the jackal!
No target in view!
HP restored.
h - a scroll labelled ASEDIGE CIYQIU A goblin comes into view.
It is wielding a +0 dagger.
The goblin shouts!
You see here 23 bolts.
You claw the goblin!
You kill the goblin!
No target in view!
No target in view!
An adder comes into view.
Things that are here:
a +0 dagger; a goblin corpse The adder bites you.
You closely miss the adder. Your bite misses the adder.
The adder barely misses you.
You barely miss the adder. The adder bites you.
You are poisoned.
The adder poisons you!
You miss the adder.
You feel sick. The adder misses you.
You scratch the adder.
The adder is lightly wounded.
You feel sick. The adder closely misses you.
You are too injured to fight recklessly!
You barely miss the adder. You bite the adder.
The adder is moderately wounded.
You feel sick. The adder completely misses you. The adder closely misses you.
You scratch the adder.
The adder is severely wounded.
You feel sick. The adder bites you.
* * * LOW HITPOINT WARNING * * *
You are lethally poisoned!
The adder poisons you!
You scratch the adder.
You kill the adder!
* * * LOW HITPOINT WARNING * * *
You feel sick.
Your Stealth skill increases to level 4!
You die...

#########..
#.........
#........#
###.......$###.
...............
.......†...#
#.....†...#
######....#
#@##.# #.# ###
#)## ..######
#.(###......
#######..........
..............##
#####..........#
#..........#
#..........#


There were no monsters in sight!

Vanquished Creatures
  An adder (D:2)
  3 dart slugs
  2 ball pythons
  4 endoplasms (D:1)
  5 giant cockroaches
  5 goblins
  6 hobgoblins
  2 jackals (D:2)
  2 kobolds (D:1)
  3 quokkas (D:1)
  4 bats (D:1)
  2 frilled lizards (D:1)
  2 rats (D:1)
41 creatures vanquished.

Vanquished Creatures (others)
  3 plants (D:1)
  3 withered plants (D:1)
6 creatures vanquished.

Grand Total: 47 creatures vanquished

Notes
Turn   | Place    | Note
-------+----------+-------------------------------------------
     0 | D:1      | Descartes the Felid Wanderer began the quest for the Orb.
     0 | D:1      | Descartes set off with the following items: a potion of
                  | haste, a scroll of fear, a potion of curing
     0 | D:1      | Reached XP level 1. HP: 9/9 MP: 5/5
   281 | D:1      | Found a faded altar of an unknown god.
   515 | D:1      | Reached skill level 3 in Stealth
   523 | D:1      | Reached skill level 1 in Dodging
   523 | D:1      | Reached XP level 2. HP: 2/13 MP: 7/7
  1995 | D:1      | Reached XP level 3. HP: 16/16 MP: 8/8
  3039 | D:2      | Reached skill level 4 in Stealth
  3039 | D:2      | Succumbed to an adder's poison

Illustrated notes

Levels and vault maps discovered:
D:1:      minmay_arrival_stair_chambers, layout_basic,
          shapermc_ecumenical_altar_flowoftime, serial_corexii_hall,
          corexii_hall_statues_t, chequers_hall_statues_wall_a, minmay_ruptured
D:2:      layout_rooms

Skill      XL: |  1  2  3 |
---------------+----------+-----
Stealth        | 3 4 |  4.0
Dodging        | 1 2 |  2.5
Unarmed Combat | 2 |  2.3
Fighting       | |  2.0
Spellcasting   | |  3.0
Hexes          | |  3.0

Action                   || total
-------------------------++-------
Melee: Unarmed           ||   173
       Bite              ||    18
       Punch             ||     1
  Use: Scroll            ||     2
 Stab: Sleeping          ||     8
       Distracted        ||     1
Armor: Skin              ||    12
Dodge: Dodged            ||   106
